 Dungeon Crawl Stone Soup version 0.20.1-1-g8b1a95d (webtiles) character file.

108 Monsterracer the Skirmisher (level 4, -6/40 HPs)
             Began as a Draconian Warper on Aug 9, 2017.
             Killed by divine providence
             ... invoked by an orc priest
              (13 damage)
             ... on level 3 of the Dungeon.
             The game lasted 00:04:02 (2603 turns).

Monsterracer the Skirmisher (Draconian Warper)      Turns: 2603, Time: 00:04:03

Health: -6/40      AC:  5    Str: 14    XL:     4   Next: 58%
Magic:  7/7        EV: 13    Int: 13    God:
Gold:   120        SH:  0    Dex: 16    Spells: 2/7 levels left

rFire    . . .     SeeInvis .   a - +0 hand axe
rCold    . . .     Gourm    .   (no shield)
rNeg     . . .     Faith    .   (armour unavailable)
rPois    .         Spirit   .   (helmet restricted)
rElec    .         Reflect  .   (no cloak)
rCorr    +         Harm     .   (no gloves)
MR       .....                  (no boots)
Stlth    +.........             (no amulet)
Regen    0.2/turn               i - +5 ring of dexterity
MPRegen  0.1/turn               B - ring of resist corrosion

@: no status effects
A: unfitting armour, cold-blooded, AC +5
a: no special abilities


You were on level 3 of the Dungeon.
You were not hungry.

You visited 1 branch of the dungeon, and saw 3 of its levels.

You collected 120 gold pieces.

Inventory:

Hand Weapons
 a - a +0 hand axe (weapon)
Missiles
 d - 5 tomahawks of dispersal (quivered)
Armour
 e - a +0 buckler
 m - a +0 shield
Jewellery
 i - a +5 ring of dexterity (left hand)
 B - a ring of resist corrosion (right hand)
Scrolls
 c - 2 scrolls of blinking
 h - 3 scrolls of identify {unknown}
 o - a scroll of remove curse {unknown}
 p - a scroll of immolation {unknown}
 q - 3 scrolls of amnesia {unknown}
 s - 2 scrolls of fear {unknown}
 t - a scroll of magic mapping {unknown}
 w - a scroll of recharging {unknown}
 x - a scroll of enchant armour {unknown}
 y - a scroll of enchant weapon {unknown}
Potions
 g - 6 potions of curing {unknown}
 j - 3 potions of degeneration {unknown}
 k - a potion of lignification {unknown}
 r - a potion of berserk rage {unknown}
 u - 2 potions of heal wounds {unknown}
 A - a potion of might {unknown}
Books
 b - a book of Spatial Translocations

   Spells                             Type                      Level
   a - Blink                          Translocation                2
   b - Shroud of Golubria             Charms/Translocation         2
   c - Lesser Beckoning               Translocation                3
   d - Gell's Gravitas                Translocation                3
   e - Teleport Other                 Translocation                3
   f - Passage of Golubria            Translocation                4
Comestibles
 f - 2 bread rations
 l - a royal jelly
 v - a meat ration
 z - 2 chunks of flesh


   Skills:
 * Level 3.9 Fighting
 * Level 3.5 Axes
 - Level 0.8 Throwing
 + Level 2.4 Dodging
 - Level 2.0 Spellcasting
 - Level 3.0 Translocations


You had 2 spell levels left.
You knew the following spells:

 Your Spells              Type           Power        Failure   Level  Hunger
b - Teleport Other        Tloc           #.......     22%         3    ####...
e - Blink                 Tloc           N/A          11%         2    ###....


Dungeon Overview and Level Annotations

Branches:
Dungeon (3/15)

Altars:


Innate Abilities, Weirdness & Mutations

Your plain brown scales are hard. (AC +5)
You cannot fit into any form of body armour.
You are cold-blooded and may be slowed by cold attacks.


Message History

The orc priest hits you but does no damage.
You closely miss the orc priest.
The orc priest is heavily wounded.
The orc priest hits you with a short sword.
* * * LOW HITPOINT WARNING * * *
Damage: -8%(-3hp) hp: 30%(12hp)
You hit the orc priest but do no damage.
The orc priest is heavily wounded.
The orc priest hits you with a short sword.
* * * LOW HITPOINT WARNING * * *
Huge Dmg: -12%(-5hp) hp: 18%(7hp)
Casting: Blink
Confirm with . or Enter, or press ? or * to list all spells.
Okay, then.
You hit the orc priest but do no damage.
The orc priest is heavily wounded.
The orc priest barely misses you.
The orc priest mumbles some strange prayers to Beogh against you.
Beogh smites you!
You die...

#### ... #.#
##.##
#######...##
......o....#
######..
#@...#
†.......
##.#.#
######..
#.#.# ...
#.#.# ###
#.#.# #.#.#
#.#.#
#.#.####
#......#


You could see an orc priest.

Vanquished Creatures
  A gnoll (D:2)
  An adder (D:3)
  A shadow imp (D:3)
  2 worms
  4 dart slugs
  2 leopard geckos (D:1)
  4 giant cockroaches
  7 goblins
  6 hobgoblins
  5 jackals (D:3)
  2 quokkas (D:3)
  A ball python (D:3)
  7 bats
  A frilled lizard (D:1)
  14 kobolds
  8 rats
66 creatures vanquished.

Vanquished Creatures (others)
  A bat (D:1)
1 creature vanquished.

Grand Total: 67 creatures vanquished

Notes
Turn   | Place    | Note
-------+----------+-------------------------------------------
     0 | D:1      | Monsterracer the Draconian Warper began the quest for the Orb.
     0 | D:1      | Reached XP level 1. HP: 17/17 MP: 3/3
   161 | D:1      | Reached XP level 2. HP: 25/25 MP: 5/5
   165 | D:1      | Learned a level 2 spell: Blink
   408 | D:1      | Reached XP level 3. HP: 19/30 MP: 6/6
  1383 | D:2      | Learned a level 3 spell: Teleport Other
  1541 | D:2      | HP: 9/31 [gnoll/spear (9)]
  1580 | D:2      | HP: 5/31 [gnoll/spear (8)]
  1871 | D:2      | Reached XP level 4. HP: 37/38 MP: 7/7
  2599 | D:3      | HP: 15/40 [orc priest/divine providence (14)]
  2602 | D:3      | HP: 7/40 [orc priest/short sword (5)]
  2603 | D:3      | Killed from afar by an orc priest

Skill      XL: |  1  2  3 |
---------------+----------+-----
Axes           | 3 |  3.5
Fighting       | 3 |  3.9
Throwing       | |  0.8
Dodging        | |  2.4
Spellcasting   | |  2.0
Translocations | |  3.0

Action                   |  1- 3 |  4- 6 || total
-------------------------+-------+-------++-------
Melee: Hand axe          |   142 |    74 ||   216
       Tailslap          |    19 |    11 ||    30
 Stab: Sleeping          |     6 |     4 ||    10
       Distracted        |     1 |       ||     1
  Eat: Chunk             |     2 |     4 ||     6
Armor: Skin              |    39 |    15 ||    54
Dodge: Dodged            |    95 |    50 ||   145
